AoeStats
← Mo-Sacra

Hill Fort

505595941Analyzed
4v4 RM · 21d ago on Sep 10, 2026· 56m 23s· 8 players
Game mode
Random Map
Map size
Large (8 player)
Population
200
Speed
Normal
Resources
Standard
Victory
Conquest
Starting age
Dark Age
Ending age
Imperial Age
RankedLock teamsTeams togetherTeam positionsShared explorationLock speedFull tech treeHidden civsTurbo modeCheats
Victory
Defeat
🇺🇸 Goths · United States
1177
+14
🇨🇦 Shu · Canada
1177
+14
🇨🇦 Maya · Canada
1081
+18
🇨🇦 Britons · Canada
1076
+18
🇲🇽 Portuguese · Mexico
1223
-19
🇲🇽 Malians · Mexico
1126
-16
🇲🇽 Mongols · Mexico
1099
-15
🇲🇽 Bohemians · Mexico
1079
-14
Machetekills135
0:29 Loom
11:59 Feudal Age
18:46 Castle Age
17:19 Double-Bit Axe
17:49 Horse Collar
25:02 Bow Saw
29:18 Imperial Age
29:03 Wheelbarrow
30:31 Elite Hussite Wagon
35:14 Two-Man Saw
35:25 Hand Cart
35:55 Wagenburg Tactics
40:54 Chemistry
40:14 Murder Holes
40:27 Padded Archer Armor
40:18 Fletching
MaN0s MaGiCaS
0:27 Loom
11:00 Feudal Age
12:48 Double-Bit Axe
19:02 Castle Age
18:22 Horse Collar
18:40 Stone Mining
32:09 Wheelbarrow
35:07 Forging
34:58 Scale Mail Armor
36:33 Gold Mining
38:40 Chain Mail Armor
39:57 Iron Casting
40:15 Squires
41:49 Hand Cart
42:17 Heavy Plow
42:54 Husbandry
46:50 Imperial Age
44:09 Light Cavalry
44:50 Husbandry
45:40 Scale Barding Armor
45:27 Fletching
46:35 Chain Barding Armor
46:09 Town Watch
47:36 Bloodlines
48:04 Conscription
48:25 Farimba
50:07 Plate Barding Armor
51:31 Plate Mail Armor
rrfrancky
0:29 Loom
12:21 Feudal Age
17:18 Castle Age
15:39 Double-Bit Axe
16:12 Horse Collar
18:15 Wheelbarrow
18:13 Town Watch
18:32 Heavy Plow
19:11 Bow Saw
22:36 Gold Mining
23:07 Fletching
23:58 Hand Cart
24:33 Bodkin Arrow
24:33 Stone Mining
25:03 Padded Archer Armor
25:51 Stone Shaft Mining
26:49 Leather Archer Armor
33:45 Imperial Age
34:01 Capped Ram
36:18 Two-Man Saw
35:49 Conscription
41:06 Bracer
41:36 Ring Archer Armor
45:33 Thumb Ring
45:57 Ballistics
46:38 Chemistry
46:03 Elite Skirmisher
XGTIROMlllX
2:57 Loom
11:25 Feudal Age
16:20 Castle Age
14:46 Double-Bit Axe
15:10 Horse Collar
18:58 Bow Saw
22:35 Padded Archer Armor
22:26 Fletching
25:02 Heavy Plow
25:41 Wheelbarrow
28:31 Hand Cart
31:27 Imperial Age
29:19 Gold Mining
33:16 Chemistry
32:37 Ballistics
32:55 Conscription
35:05 Bloodlines
34:57 Husbandry
36:06 Leather Archer Armor
35:46 Bodkin Arrow
44:38 Elite Steppe Lancer
45:26 Scale Mail Armor
45:36 Forging
45:32 Scale Barding Armor
S.enpaii
10:09 Feudal Age
11:19 Loom
14:22 Castle Age
13:24 Double-Bit Axe
16:37 Fletching
24:47 Wheelbarrow
24:11 Bodkin Arrow
25:13 Horse Collar
27:20 Bow Saw
28:24 Padded Archer Armor
28:57 Heavy Plow
30:37 Crossbowman
31:28 Thumb Ring
33:13 Hand Cart
33:57 Leather Archer Armor
37:03 Imperial Age
34:40 Gold Mining
37:59 Ballistics
37:52 Bracer
38:14 Arbalester
40:09 Gold Shaft Mining
41:33 Chemistry
41:07 Elite Skirmisher
42:10 Conscription
41:51 Bolt Magazine
42:14 Conscription
42:04 Town Watch
48:35 Town Patrol
48:49 Masonry
48:36 Stone Mining
49:24 Caravan
54:53 Ring Archer Armor
BiggM4k
9:09 Loom
10:54 Feudal Age
11:52 Double-Bit Axe
12:00 Horse Collar
18:29 Castle Age
21:01 Heavy Plow
22:12 Wheelbarrow
26:00 Fletching
27:08 Bodkin Arrow
28:21 Padded Archer Armor
28:44 Hand Cart
28:27 Gold Mining
28:28 Stone Mining
30:30 Yeomen
30:42 Leather Archer Armor
30:26 Town Watch
34:14 Imperial Age
32:26 Ballistics
32:38 Fortified Wall
33:41 Gold Shaft Mining
34:18 Forging
34:17 Elite Longbowman
35:05 Bracer
36:37 Chemistry
36:15 Bow Saw
37:05 Siege Engineers
37:11 Masonry
38:40 Ring Archer Armor
40:44 Conscription
39:59 Capped Ram
51:18 Warwolf
Zangytangy
5:23 Loom
10:58 Feudal Age
11:51 Horse Collar
13:05 Double-Bit Axe
18:32 Castle Age
19:46 Bow Saw
22:50 Gold Mining
22:50 Stone Mining
27:16 Wheelbarrow
26:28 Town Watch
27:07 Scale Mail Armor
27:19 Forging
27:19 Anarchy
29:18 Chain Mail Armor
30:10 Heavy Plow
30:55 Squires
31:45 Iron Casting
30:40 Pikeman
36:38 Imperial Age
39:10 Blast Furnace
39:54 Halberdier
40:57 Conscription
41:40 Caravan
41:46 Elite Huskarl
42:28 Perfusion
44:50 Hand Cart
Mo-Sacra
0:55 Loom
11:25 Feudal Age
12:30 Double-Bit Axe
12:38 Horse Collar
15:02 Wheelbarrow
19:22 Castle Age
22:03 Bow Saw
21:46 Gold Mining
21:50 Stone Mining
24:49 Hand Cart
30:05 Thumb Ring
32:41 Imperial Age
30:06 Fletching
30:26 Forging
31:40 Squires
31:00 Eagle Warrior
34:09 Elite Eagle Warrior
34:35 Arson
34:54 Scale Mail Armor
35:30 Iron Casting
34:52 Bodkin Arrow
37:03 Chain Mail Armor
38:35 Stone Shaft Mining
40:08 Plate Mail Armor
40:39 Blast Furnace
40:22 Town Watch
43:09 Hoardings
44:21 Holcans
45:02 Elite Plumed Archer
46:37 Guilds
47:40 Bodkin Arrow
47:45 Padded Archer Armor
48:11 Conscription
51:18 Heavy Plow
54:08 Bracer
54:24 Leather Archer Armor
54:50 Ballistics
55:30 Chemistry
Connection lost

Rejoining the realm…

Still unreachable

The connection could not be restored.

Session expired

The server has moved on; the page needs a fresh start.